 Dungeon Crawl Stone Soup version 0.24-a0-537-g2d01d4ab0a (webtiles) character file.

Game seed: 9229323615973724550

605 blacksnow the Skirmisher (level 7, -4/63 HPs)
             Began as a Hill Orc Fighter on Aug 16, 2019.
             Slain by a storm dragon zombie (5 damage)
             ... led by a necromancer
             ... on level 1 of the Abyss.
             The game lasted 00:24:35 (2608 turns).

blacksnow the Skirmisher (Hill Orc Fighter)         Turns: 2608, Time: 00:24:35

Health: -4/63      AC:  9    Str: 21    XL:     7   Next: 42%
Magic:  7/7        EV:  5    Int:  8    God:
Gold:   117        SH:  9    Dex: 10    Spells: 6/6 levels left

rFire    x . .     SeeInvis .   a - +0 war axe
rCold    + . .     Gourm    .   c - +0 shield
rNeg     . . .     Faith    .   l - +0 chain mail
rPois    .         Spirit   .   (no helmet)
rElec    .         Reflect  .   (no cloak)
rCorr    .         Harm     .   (no gloves)
MR       .....                  (no boots)
Stlth    ..........             (no amulet)
HPRegen  0.20/turn              u - ring of flight
MPRegen  0.10/turn              x - ring of ice

@: no status effects
A: no striking features
a: Evoke Flight


You were on level 1 of the Abyss.
You were not hungry.

You visited 1 branch of the dungeon, and saw 3 of its levels.
You visited the Abyss 1 time.

You collected 117 gold pieces.

Inventory:

Hand Weapons
 a - a +0 war axe (weapon)
 b - a +0 short sword of flaming
 m - a +0 short sword
 s - a +0 short sword
Missiles
 g - 24 sling bullets
 r - 3 boomerangs (quivered)
 t - 46 stones
Armour
 c - a +0 shield (worn)
 l - a +0 chain mail (worn)
 w - a +0 scale mail
Jewellery
 u - a ring of flight (left hand)
 x - a ring of ice (right hand)
Scrolls
 e - a scroll of fog {unknown}
 i - 2 scrolls of blinking {unknown}
 n - a scroll of remove curse
 p - a scroll of magic mapping {unknown}
 q - a scroll of enchant armour {unknown}
Potions
 d - 2 potions of might
 k - 2 potions of heal wounds {unknown}
 o - 2 potions of agility {unknown}
 v - a potion of invisibility {unknown}
Comestibles
 f - 6 rations


   Skills:
 * Level 6.3 Fighting
 + Level 2.1 Short Blades
 - Level 3.9 Axes
 + Level 2.1 Throwing
 + Level 5.0 Armour
 + Level 4.9 Shields


You had 6 spell levels left.
You didn't know any spells.
Your spell library was empty.

Dungeon Overview and Level Annotations

Branches:
Dungeon (3/15)

Altars:
Makhleb

Annotations:
D:3 Crazy Yiuf


Message History

You block the storm dragon zombie's attack.
The ettin zombie hits you but does no damage.
The ettin zombie hits you.
* * * LOW HITPOINT WARNING * * *
An iron dragon zombie comes into view.
A frost giant simulacrum comes into view.
You block the storm dragon zombie's attack. x2
The storm dragon zombie tramples you.
* * * LOW HITPOINT WARNING * * *
You slash the storm dragon zombie!
The storm dragon zombie is moderately damaged.
You hit the ettin zombie but do no damage.
The ettin zombie hits you but does no damage.
The ettin zombie hits you.
* * * LOW HITPOINT WARNING * * *
The storm dragon zombie bites you.
* * * LOW HITPOINT WARNING * * *
The storm dragon zombie claws you but does no damage.
The storm dragon zombie tramples you.
You die...

#..#.##..♣# ..#♣..
. .....#.#♣... '.♣
#.#####.#.#.. ....
♣♣
...........#♣..###
##....#.#.#.♣♣
#.....#......#
##ZZ. #.#. #
#ZZ#....#.#..#
#.@##...##. .#
#.....#...#.. #
#.####.#..Z.#. #
./# #.Z #... #..
.#...# .. #... .#
...# ...


You could see a frost giant simulacrum, a storm dragon zombie, an iron dragon
zombie, an ettin zombie and an ice dragon skeleton.

Vanquished Creatures
  A necromancer (Abyss:1)
  A hound (D:2)
  4 adders (D:3)
  3 worms (D:2)
  2 dart slugs
  2 leopard geckos
  5 orcs (D:3)
  2 ball pythons
  11 bats
  2 giant cockroaches
  8 goblins
  7 hobgoblins
  3 jackals (D:3)
  8 kobolds
  A quokka (D:2)
  4 frilled lizards
  12 rats
76 creatures vanquished.

Notes
Turn   | Place    | Note
-------+----------+-------------------------------------------
     0 | D:1      | blacksnow the Hill Orc Fighter began the quest for the Orb.
     0 | D:1      | Reached XP level 1. HP: 19/19 MP: 1/1
   105 | D:1      | Reached XP level 2. HP: 27/27 MP: 2/2
   342 | D:1      | Reached XP level 3. HP: 33/33 MP: 3/3
   349 | D:1      | Reached skill level 4 in Fighting
   763 | D:2      | Reached XP level 4. HP: 36/40 MP: 4/4
   764 | D:2      | Found a burning altar of Makhleb.
  1895 | D:3      | Reached XP level 5. HP: 47/47 MP: 5/5
  2424 | D:3      | Found a runed translucent door.
  2425 | D:3      | Noticed Crazy Yiuf
  2551 | D:3      | Cast into level 1 of the Abyss (Crazy Yiuf)
  2592 | Abyss:1  | Noticed a necromancer
  2593 | Abyss:1  | Noticed a storm dragon zombie
  2605 | Abyss:1  | Killed a necromancer
  2605 | Abyss:1  | Reached skill level 6 in Fighting
  2605 | Abyss:1  | Reached skill level 5 in Armour
  2605 | Abyss:1  | Reached XP level 6. HP: 57/57 MP: 6/6
  2605 | Abyss:1  | Reached XP level 7. HP: 63/63 MP: 7/7
  2608 | Abyss:1  | HP: 1/63 [storm dragon zombie[a necromancer] (4)]
  2608 | Abyss:1  | Slain by a storm dragon zombie

Levels and vault maps discovered:
D:1:      lemuel_arrival_room, layout_basic
D:2:      layout_loops_ring, makhleb_blood_cavern_becter
D:3:      layout_loops_cross, first_ration, uniq_crazy_yiuf_cottage
Abyss:1

Skill      XL: |  1  2  3  4  5 |
---------------+----------------+-----
Axes           | 3 |  3.9
Fighting       | 4 6 |  6.3
Armour         | 4 5 |  5.0
Shields        | 4 |  4.9
Short Blades   | 2 |  2.1
Throwing       | 2 |  2.1

Action                   |  1- 3 |  4- 6 |  7- 9 || total
-------------------------+-------+-------+-------++-------
Melee: War axe           |   106 |   108 |     3 ||   217
       Short sword       |       |    47 |       ||    47
Throw: Boomerang         |       |    23 |       ||    23
       Stone             |       |    11 |       ||    11
  Use: Scroll            |       |     6 |       ||     6
  Eat: Chunk             |       |     4 |       ||     4
       Ration            |       |     1 |       ||     1
Armor: Scale mail        |    27 |       |       ||    27
       Chain mail        |    42 |    94 |     6 ||   142
Dodge: Dodged            |    34 |    43 |     1 ||    78
Block: Shield            |    74 |    87 |     5 ||   166

Table legend:
 A = Non-vault XP
 B = Vault XP
 C = Vault XP percentage of total XP
 D = Non-vault monster count
 E = Vault monster count
 F = Vault count percentage of total count
                 A         B        C        D         E       F
            +---------+---------+-------+---------+---------+-------
      Total |     823 |      42 |   4.9 |      75 |       1 |   1.3
            +---------+---------+-------+---------+---------+-------
        D:1 |      49 |       0 |   0.0 |      27 |       0 |   0.0
        D:2 |      38 |      42 |  52.5 |      19 |       1 |   5.0
        D:3 |     102 |       0 |   0.0 |      28 |       0 |   0.0
    Abyss:1 |     634 |       0 |   0.0 |       1 |       0 |   0.0
            +---------+---------+-------+---------+---------+-------
